 Dungeon Crawl Stone Soup version 0.29.1 (webtiles) character file.

Game seed: 17912755149331072115

9198 Ashen the Chiller (level 11, -6/92 HPs)
             Began as a Demonspawn Ice Elementalist on Sept 14, 2022.
             Was a Priest of Vehumet.
             Mangled by an ettin
             ... wielding a +0 dire flail
              (9 damage)
             ... on level 1 of the Orcish Mines.
             The game lasted 00:29:48 (11358 turns).

Ashen the Chiller (Demonspawn Ice Elementalist)    Turns: 11358, Time: 00:29:49

Health: -6/92      AC: 30    Str: 13    XL:     11   Next: 19%
Magic:  22/30      EV: 14    Int: 22    God:    Vehumet [***...]
Gold:   672        SH:  0    Dex: 13    Spells: 12/23 levels left

rFire   . . .      SeeInvis .   k - +0 whip (elec)
rCold   . . .      Faith    .   h - orb {*channel}
rNeg    . . .      Spirit   .   d - +2 steam dragon scales
rPois   .          Reflect  .   M - +2 helmet
rElec   .          Harm     .   J - +1 cloak {Stlth+}
rCorr   .          Rampage  .   w - +1 pair of gloves
Will    +....      Rage     3%  o - +0 pair of boots
Stlth   ++++......              O - amulet "Gufumev" {RegenMP *Corrode MP+9 Str+5}
HPRegen 0.25/turn               N - ring of willpower
MPRegen 0.62/turn               F - +4 ring of protection

@: ice-armoured, freezing walls, unable to drink
A: slimy green scales 2, spiny 1, weakness stinger 2, berserk 1, robust 1,
inability to drink after injury 1, noise suppression
a: Renounce Religion


You were on level 1 of the Orcish Mines.
You worshipped Vehumet.
Vehumet was most pleased with you.
You visited 3 branches of the dungeon, and saw 12 of its levels.

You collected 672 gold pieces.

Inventory:

Hand Weapons
 k - a +0 whip of electrocution (weapon)
 p - a +0 war axe of flaming
 K - a +0 dagger of venom
Missiles
 t - 5 silver javelins (quivered)
 y - 3 javelins
Armour
 d - +2 steam dragon scales (worn)
 h - an orb of energy (worn)
 o - a +0 pair of boots (worn)
 w - a +1 pair of gloves (worn)
 J - a +1 cloak of stealth (worn)
 M - a +2 helmet (worn)
Magical Staves
 E - a staff of air
Jewellery
 F - a +4 ring of protection (right hand)
 L - a ring of see invisible
 N - a ring of willpower (left hand)
 O - the amulet "Gufumev" (around neck) {RegenMP *Corrode MP+9 Str+5}
   (You found it on level 10 of the Dungeon)

   [amulet of magic regeneration]

   It increases your rate of magic regeneration.
   Str:       It affects your strength (+5).
   MP:        It affects your magic capacity (+9).
   *Corrode:  It may corrode you when you take damage.
Wands
 m - a wand of roots (6)
 I - a wand of flame (37)
Scrolls
 a - a scroll of enchant armour
 c - 2 scrolls of noise {unknown}
 e - 2 scrolls of identify
 g - 3 scrolls of silence {unknown}
 i - 3 scrolls of enchant weapon {unknown}
 n - a scroll of torment {unknown}
 r - a scroll of magic mapping {unknown}
 s - a scroll of fear {unknown}
 v - 2 scrolls of teleportation
 D - a scroll of vulnerability
Potions
 b - 2 potions of magic
 f - 3 potions of attraction
 j - 3 potions of resistance
 l - 5 potions of curing
 q - 3 potions of flight
 u - 2 potions of lignification
 x - a potion of cancellation {unknown}
 z - a potion of berserk rage {unknown}
 A - 3 potions of heal wounds {unknown}
 B - a potion of brilliance {unknown}
 C - a potion of invisibility {unknown}
 G - a potion of haste
 H - 3 potions of ambrosia {unknown}
 P - a potion of might {unknown}


   Skills:
 + Level 7.1 Fighting
 + Level 6.6 Dodging
 - Level 5.0 Stealth
 + Level 6.8 Spellcasting
 + Level 6.0 Conjurations
 + Level 7.5 Ice Magic
 + Level 6.8 Evocations


You had 12 spell levels left.
You knew the following spells:

 Your Spells              Type           Power      Damage    Failure   Level
a - Freeze                Ice            100%       1d11      1%          1
b - Frozen Ramparts       Ice            80%        1d13      1%          3
c - Ozocubu's Armour      Ice            40%        N/A       1%          3
d - Hailstorm             Conj/Ice       37%        3d9       1%          4

Your spell library contained the following spells:

 Spells                   Type           Power      Damage    Failure   Level
 Static Discharge         Conj/Air       20%        3-6/arc   1%          2
 Shock                    Conj/Air       80%        1d8       1%          1
 Conjure Flame            Conj/Fire      20%        6-21      2%          3
 Dazzling Flash           Conj/Hex       40%        N/A       2%          3
 Ignite Poison            Fire/Tmut/Pois 7%         N/A       7%          3
 Inner Flame              Hex/Fire       7%         N/A       7%          3
 Iskenderun's Mystic Bla  Conj/Tloc      20%        2d6       7%          4
 Sticky Flame             Conj/Fire      20%        2d4       7%          4
 Apportation              Tloc           14%        N/A       9%          1
 Necrotise                Necr           28%        1d5       9%          1
 Summon Small Mammal      Summ           28%        N/A       9%          1
 Lightning Bolt           Conj/Air       10%        1d23      17%         5
 Ice Form                 Ice/Tmut       24%        N/A       19%         4
 Summon Ice Beast         Ice/Summ       24%        N/A       19%         4
 Airstrike                Air            3%         2d(1-17)  21%         4
 Swiftness                Air            7%         N/A       26%         3
 Cause Fear               Hex            3%         N/A       63%         4
 Summon Lightning Spire   Summ/Air       7%         N/A       63%         4
 Starburst                Conj/Fire      10%        6d5       65%         6
 Dragon Form              Tmut           3%         N/A       100%        7
 Discord                  Hex            3%         N/A       100%        8
 Dragon's Call            Summ           3%         N/A       100%        9


Dungeon Overview and Level Annotations

Branches:
Dungeon (10/15)            Temple (1/1) D:5            Lair (0/5) D:10
    Orc (1/2) D:10

Altars:
Ashenzari
Cheibriados
Dithmenos
Fedhas
Gozag
Hepliaklqana
Kikubaaqudgha
Makhleb
Nemelex Xobeh
Okawaru
Qazlal
Ru
Sif Muna
Trog
Uskayaw
Vehumet
Wu Jian
Xom
Yredelemnul

Shops:
D:6 [   D:9 *


Innate Abilities, Weirdness & Mutations

You are mostly covered in slimy green scales. (AC +3)
You are partially covered in sharp spines.
You have a tail ending in a sharp stinger.
You sometimes lose your temper in combat.
You are robust. (+10% HP)
You occasionally lose the ability to drink potions when taking damage.
You passively dampen the noise of your surroundings.


Message History

You kill the orc!
Vehumet accepts your kill.
The wall freezes the cyclops!
The cyclops closely misses you.
The wall freezes the orc priest but does no damage.
The orc priest is struck by your spines.
The orc priest hits you but does no damage.
The wall freezes the ettin.
You hit the cyclops but do no damage.
The cyclops is almost dead.
The wall freezes the orc priest.
You kill the orc priest!
Vehumet accepts your kill.
The wall freezes the ettin!
The ettin closely misses you.
The ettin hits you with a +0 dire flail.
The wall freezes the cyclops!
You kill the cyclops!
Vehumet accepts your kill.
Casting: Hailstorm (mildly dangerous; 1% risk of failure)
Confirm with . or Enter, or press ? or * to list all spells.
A film of ice covers your body!
An orc warrior comes into view. It is wielding a +0 battleaxe.
The wall freezes the ettin but does no damage.
The ettin hits you with a +0 dire flail!!
You feel threatened and lose the ability to drink potions!
The ettin hits you but does no damage.
You hit the ettin but do no damage.
The ettin is moderately wounded.
The wall freezes the ettin.
The ettin is struck by your spines.
The ettin hits you with a +0 dire flail.
The ettin hits you with a +0 dire flail!!
* * * LOW HITPOINT WARNING * * *
You cannot drink potions in your current state!
Unknown command.
You hit the ettin. Lightning courses through the ettin!
The ettin is almost dead.
An orc comes into view. It is wielding a +0 flail.
The wall freezes the ettin but does no damage.
The ettin is struck by your spines.
The ettin hits you with a +0 dire flail!
You die...

.......#
......o
..o..#
.....
#.))###
#.o.#.###
#C)....#
#(@)...#
#..).##.##
#.....
......##
.......##
......#
......
....#.


You could see an ettin, an orc warrior and 2 orcs.

Vanquished Creatures
  A two-headed ogre (D:6)
  An orc knight (D:10)
  Pikel (D:7)
  A cyclops (Orc:1)
  An elephant (D:10)
  Maggie (D:8)
  A hornet (D:8)
  14 yaks
  A basilisk (D:10)
  A wyvern (D:10)
  3 vampire mosquitoes (D:8)
  2 water moccasins (D:8)
  3 black bears
  An ice beast (D:6)
  7 orc warriors
  A sky beast (D:7)
  2 ogres
  2 centaurs
  2 phantoms
  3 lemures (D:7)
  2 kobold brigands
  A bullfrog (D:7)
  A gnoll sergeant (D:8)
  2 necrophages (D:6)
  6 scorpions
  7 killer bees
  2 howler monkeys
  A hound (D:6)
  2 jellies (D:7)
  Crazy Yiuf (D:7)
  8 orc priests
  Ijyb (D:3)
  3 iguanas (D:5)
  5 orc wizards
  13 gnolls
  6 adders
  A shadow imp (D:6)
  3 white imps
  A worm (D:4)
  A dart slug (D:1)
  65 orcs
  7 bats
  5 endoplasms
  2 giant cockroaches (D:1)
  12 goblins
  10 hobgoblins
  3 quokkas
  10 ball pythons
  5 frilled lizards
  13 kobolds
  4 rats
252 creatures vanquished.

Vanquished Creatures (others)
  A fungus (D:1)
1 creature vanquished.

Grand Total: 253 creatures vanquished

Notes
Turn   | Place    | Note
-------+----------+-------------------------------------------
     0 | D:1      | Ashen the Demonspawn Ice Elementalist began the quest for
                  | the Orb.
     0 | D:1      | Reached XP level 1. HP: 13/13 MP: 3/3
   209 | D:1      | Gained mutation: You are partially covered in slimy green
                  | scales. (AC +2) [demonic ancestry]
   209 | D:1      | Reached XP level 2. HP: 19/20 MP: 0/5
   653 | D:1      | Reached skill level 1 in Fighting
   701 | D:1      | Found a faded altar of an unknown god.
   936 | D:2      | Reached XP level 3. HP: 26/26 MP: 3/6
  1608 | D:2      | Gained mutation: You are mostly covered in slimy green
                  | scales. (AC +3) [demonic ancestry]
  1608 | D:2      | Reached XP level 4. HP: 32/32 MP: 4/7
  1707 | D:2      | Reached skill level 1 in Evocations
  1814 | D:2      | Learned a level 3 spell: Frozen Ramparts
  1818 | D:2      | Learned a level 3 spell: Ozocubu's Armour
  1846 | D:3      | Found an opulent altar of Gozag.
  1849 | D:3      | Found a shadowy altar of Dithmenos.
  2494 | D:3      | Noticed a phantom
  2508 | D:3      | Killed a phantom
  2509 | D:3      | Reached XP level 5. HP: 29/38 MP: 7/9
  2756 | D:3      | Noticed Ijyb
  2768 | D:3      | Killed Ijyb
  2774 | D:3      | Gained mutation: You have a small tail. [demonic ancestry]
  2774 | D:3      | Reached XP level 6. HP: 29/44 MP: 4/10
  3203 | D:4      | Learned a level 4 spell: Hailstorm
  3752 | D:4      | Reached XP level 7. HP: 34/51 MP: 11/11
  4324 | D:5      | Entered Level 5 of the Dungeon
  4819 | D:5      | Found a staircase to the Ecumenical Temple.
  4837 | Temple   | Entered the Ecumenical Temple
  5079 | Temple   | Became a worshipper of Vehumet
  5533 | D:6      | Noticed a two-headed ogre
  5627 | D:6      | Reached skill level 1 in Conjurations
  5640 | D:6      | Reached skill level 5 in Ice Magic
  5640 | D:6      | Reached XP level 8. HP: 54/59 MP: 9/13
  5693 | D:6      | Killed a two-headed ogre
  6222 | D:6      | Reached XP level 9. HP: 66/66 MP: 15/15
  6362 | D:6      | Reached skill level 5 in Stealth
  6590 | D:6      | Found Cyss's Antique Armour Emporium.
  6618 | D:7      | Found a hide-covered altar of Uskayaw.
  6715 | D:7      | Noticed Pikel
  6735 | D:7      | Killed Pikel
  6736 | D:7      | Reached skill level 5 in Spellcasting
  7009 | D:7      | Reached skill level 5 in Fighting
  7264 | D:7      | Reached skill level 5 in Dodging
  7336 | D:7      | Found a runed translucent door.
  7337 | D:7      | Noticed Crazy Yiuf
  7343 | D:7      | Killed Crazy Yiuf
  7693 | D:7      | Reached skill level 5 in Evocations
  7935 | D:8      | Reached * piety under Vehumet
  7935 | D:8      | Offered knowledge of Sandblast by Vehumet.
  8122 | D:8      | Gained mutation: You have a tail ending in a sharp stinger.
                  | [demonic ancestry]
  8122 | D:8      | Reached XP level 10. HP: 65/76 MP: 4/18
  8230 | D:8      | Noticed Maggie
  8721 | D:8      | Gained mutation: Your flesh is heat resistant. (rF+)
                  | [potion of mutation]
  8721 | D:8      | Gained mutation: You passively dampen the noise of your
                  | surroundings. [potion of mutation]
  8721 | D:8      | Gained mutation: You sometimes lose your temper in combat.
                  | [potion of mutation]
  8721 | D:8      | Gained mutation: You have a pair of small horns on your
                  | head. [potion of mutation]
  8838 | D:8      | Killed Maggie
  8852 | D:8      | Lost mutation: Your flesh is heat resistant. (rF+) [potion
                  | of mutation]
  8852 | D:8      | Lost mutation: You have a pair of small horns on your head.
                  | [potion of mutation]
  8852 | D:8      | Gained mutation: You occasionally lose the ability to drink
                  | potions when taking damage. [potion of mutation]
  8852 | D:8      | Gained mutation: You are robust. (+10% HP) [potion of
                  | mutation]
  9101 | D:8      | Paralysed by a hornet for 3 turns
  9106 | D:8      | Reached skill level 5 in Conjurations
  9112 | D:8      | HP: 4/83 [poisoned by a hornet]
  9525 | D:9      | Reached ** piety under Vehumet
  9529 | D:9      | Offered knowledge of Scorch by Vehumet.
  9853 | D:9      | Found Lehisekk's Overcharged Wands.
 10337 | D:10     | Entered Level 10 of the Dungeon
 10368 | D:10     | Found an ornate altar of the Wu Jian Council.
 10419 | D:10     | Noticed an elephant
 10420 | D:10     | Found a staircase to the Lair.
 10449 | D:10     | Killed an elephant
 10450 | D:10     | Gained mutation: You are partially covered in sharp spines.
                  | [demonic ancestry]
 10450 | D:10     | Reached XP level 11. HP: 19/91 MP: 1/20
 10824 | D:10     | Identified the amulet "Gufumev" {RegenMP *Corrode MP+9
                  | Str+5}
 10868 | D:10     | Found a staircase to the Orcish Mines.
 10868 | D:10     | Noticed an orc knight
 10884 | D:10     | Offered knowledge of Static Discharge by Vehumet.
 10899 | D:10     | Killed an orc knight
 11181 | D:10     | Reached *** piety under Vehumet
 11348 | Orc:1    | Entered Level 1 of the Orcish Mines
 11348 | Orc:1    | Noticed an ettin
 11357 | Orc:1    | HP: 2/92 [ettin/+0 dire flail (28)]
 11358 | Orc:1    | Mangled by an ettin

Illustrated notes

Levels and vault maps discovered:
D:1:      lightli_molten_gateway, layout_loops_ring,
          shapermc_ecumenical_altar_petra, minmay_tetromino_i2
D:2:      layout_rooms
D:3:      layout_rooms, nicolae_overflow_squiral, uniq_ijyb
D:4:      layout_loops_ring
D:5:      layout_basic, minmay_temple_entry_tees
D:6:      layout_cave_pools, serial_shops, kennysheep_mini_moat
D:7:      layout_basic, mainiacjoe_overflow_cross_hatched, uniq_pikel,
          uniq_crazy_yiuf_cottage
D:8:      layout_basic, uniq_maggie
D:9:      layout_roguey [special_room_orc], nicolae_shop_overcharged_wands
D:10:     layout_rooms, mainiacjoe_overflow_concentric_impassable,
          david_lair_generic, david_orc_5
Temple:   dpeg_five_rooms_temple
Orc:1:    layout_diamond_mine, basic_altar

Skill      XL: |  1  2  3  4  5  6  7  8  9 10 11 |
---------------+----------------------------------+-----
Stealth        | 2 3 4 5 |  5.0
Dodging        | 2 3 4 5 6 |  6.6
Fighting       | 1 2 3 4 5 6 7 |  7.1
Evocations     | 1 2 3 4 5 6 |  6.8
Ice Magic      | 4 5 6 7 |  7.5
Spellcasting   | 3 4 5 6 |  6.8
Conjurations   | 1 2 4 5 6 |  6.0

Action                   |  1- 3 |  4- 6 |  7- 9 | 10-12 || total
-------------------------+-------+-------+-------+-------++-------
Melee: Long sword        |    49 |    15 |       |       ||    64
       Whip              |       |   114 |   235 |    49 ||   398
       Tailslap          |       |    13 |    42 |    11 ||    66
 Cast: Freeze            |    31 |    23 |    27 |    20 ||   101
       Frozen Ramparts   |       |     4 |    15 |    18 ||    37
       Ozocubu's Armour  |       |     2 |    16 |    12 ||    30
       Hailstorm         |       |       |       |    20 ||    20
Evoke: Wand              |       |     1 |    10 |     6 ||    17
  Use: Potion            |       |       |     1 |     3 ||     4
       Scroll            |       |       |       |     9 ||     9
 Stab: Sleeping          |     2 |     3 |     5 |     1 ||    11
Armor: Robe              |    16 |       |       |       ||    16
       Leather armour    |     7 |    60 |   149 |    16 ||   232
       Steam dragon scal |       |       |       |    65 ||    65
Dodge: Dodged            |    45 |    94 |   212 |    87 ||   438
